 Dungeon Sprint DCSS version 0.27-a0-1442-g87b6fcb595 (webtiles) character file.

Game seed: 15496261706791978495

1243 mhtbhm the Spear-Bearer (level 8, -3/120 HPs)
             Began as a Black Draconian Berserker on July 4, 2021.
             Was a High Priest of Trog.
             Slain by a nine-headed hydra (6 damage)
             ... called by a spriggan druid
             ... in the Dungeon (Sprint VII: "The Pits").
             The game lasted 00:01:20 (753 turns).

mhtbhm the Spear-Bearer (Black Draconian Berserker)  Turns: 753, Time: 00:01:21

Health: -3/120     AC:  6    Str: 21    XL:     8   Next: 25%
Magic:  8/8        EV: 15    Int:  7    God:    Trog [*****.]
Gold:   0          SH:  0    Dex: 12    Spells: 7/7 levels left

rFire    . . .     SeeInvis .   a - +6 glaive (vorpal)
rCold    . . .     Faith    .   (shield currently unavailable)
rNeg     . . .     Spirit   .   (armour unavailable)
rPois    .         Reflect  .   (helmet restricted)
rElec    +         Harm     .   (no cloak)
rCorr    .         Rampage  .   (no gloves)
Will     .....     NoTele   +   (no boots)
Stlth    ..........             (no amulet)
HPRegen  0.30/turn              (no ring)
MPRegen  0.11/turn              (no ring)

@: berserking (expiring), very quick
A: breathe lightning, AC +6, unfitting armour, electricity resistance,
cold-blooded
a: Breathe Lightning, Renounce Religion, Berserk, Trog's Hand, Brothers in Arms


You were in the Dungeon.
You worshipped Trog.
Trog was extremely pleased with you.
You visited 1 branch

Inventory:

Hand Weapons
 a - a +6 vorpal glaive (weapon)
Scrolls
 g - a scroll of blinking
 i - a scroll of summoning
Potions
 b - 6 potions of curing
 c - 5 potions of heal wounds
 d - a potion of haste
 e - 4 potions of magic
 f - 3 potions of berserk rage
 h - 2 potions of invisibility


   Skills:
 + Level 10.3 Fighting
 + Level 12.8 Polearms
 + Level 8.8 Dodging
 + Level 2.3 Stealth


You had 7 spell levels left.
You didn't know any spells.
Your spell library was empty.

Dungeon Overview and Level Annotations

Branches:
Dungeon (1/1)

Altars:


Innate Abilities, Weirdness & Mutations

You can breathe wild blasts of lightning.
Your glossy black scales are hard. (AC +6)
You cannot fit into any form of body armour.
You are resistant to electric shocks. (rElec)
You are cold-blooded and may be slowed by cold attacks.


Message History

Your Stealth skill increases to level 2!
You have reached level 8!
You feel agile.
Unknown command.
You slice one of the six-headed hydra's heads off!
The five-headed hydra grows two more!
You slice the seven-headed hydra!!
The seven-headed hydra is moderately wounded.
The gnoll sergeant hits you from afar with a +0 vorpal trident.
The seven-headed hydra bites you.
The seven-headed hydra closely misses you.
The seven-headed hydra bites you.
The seven-headed hydra closely misses you.
The seven-headed hydra barely misses you.
The seven-headed hydra bites you!
* * * LOW HITPOINT WARNING * * *
The seven-headed hydra bites you but does no damage.
Unknown command.
Unknown command.
You hack one of the seven-headed hydra's heads off!
The six-headed hydra grows two more!
You open the eight-headed hydra like a pillowcase!!!
The eight-headed hydra is severely wounded.
The gnoll barely misses you.
Unknown command.
You chop one of the eight-headed hydra's heads off!
The seven-headed hydra grows two more!
You slice the nine-headed hydra!! You tail-slap the nine-headed hydra.
The nine-headed hydra is almost dead.
The gnoll sergeant closely misses you. The nine-headed hydra misses you.
The nine-headed hydra bites you but does no damage.
The nine-headed hydra bites you!
* * * LOW HITPOINT WARNING * * *
The nine-headed hydra bites you.
* * * LOW HITPOINT WARNING * * *
The nine-headed hydra bites you!
* * * LOW HITPOINT WARNING * * *
The nine-headed hydra completely misses you.
The nine-headed hydra bites you but does no damage.
The nine-headed hydra bites you.
You die...

#.#####'#####...<...#
#.#..[)))..##.......#
#)#..[)))..##.......#
#)###########.......#
#.......#..##########
#.......#.# ###
#...#...#.# ...#
#..###..#†#l...#
#...#...#@Dgg..+
#.......#)#g...#
#.......†)# ...#
########### ###


You could see a nine-headed hydra, a basilisk, a gnoll sergeant and 2 gnolls.

Vanquished Creatures
  A spriggan druid (D)
  A demonic crawler (D)
  2 orc warriors (D)
  A black bear (D)
  An iron imp (D)
  2 orc wizards (D)
  A gnoll (D)
  3 adders (D)
  A river rat (D)
  3 orcs (D)
  2 bats (D)
  A bat skeleton (D)
  2 hobgoblins (D)
  2 jackals (D)
  A quokka (D)
  A frilled lizard (D)
  A rat (D)
26 creatures vanquished.

Vanquished Creatures (collateral kills)
  A fire bat (D)
  A worm (D)
  An orc (D)
3 creatures vanquished.

Grand Total: 29 creatures vanquished

Notes
Turn   | Place    | Note
-------+----------+-------------------------------------------
     0 | D        | mhtbhm the Draconian Berserker began the quest for the Orb.
     0 | D        | Reached XP level 1. HP: 19/19 MP: 1/1
    66 | D        | Reached ** piety under Trog
    74 | D        | Reached *** piety under Trog
   151 | D        | Noticed an orc wizard
   153 | D        | Killed an orc wizard
   154 | D        | Reached skill level 4 in Polearms
   154 | D        | Reached XP level 2. HP: 28/28 MP: 2/2
   154 | D        | Reached XP level 3. HP: 35/35 MP: 3/3
   163 | D        | Reached skill level 5 in Fighting
   164 | D        | Reached **** piety under Trog
   165 | D        | Reached skill level 5 in Polearms
   245 | D        | Noticed an orc warrior
   248 | D        | Noticed a fire bat
   250 | D        | Reached ***** piety under Trog
   251 | D        | Reached skill level 6 in Polearms
   251 | D        | Reached skill level 5 in Dodging
   251 | D        | Reached XP level 4. HP: 44/44 MP: 4/4
   256 | D        | Received a gift from Trog
   263 | D        | Killed an orc warrior
   264 | D        | Reached skill level 8 in Polearms
   264 | D        | Reached XP level 5. HP: 52/52 MP: 5/5
   271 | D        | Killed a fire bat
   272 | D        | Reached skill level 9 in Polearms
   272 | D        | Reached XP level 6. HP: 25/61 MP: 6/6
   440 | D        | Noticed an orc warrior
   455 | D        | Killed an orc warrior
   456 | D        | Reached skill level 10 in Polearms
   456 | D        | Reached skill level 1 in Stealth
   547 | D        | Noticed a spriggan druid
   554 | D        | Killed a spriggan druid
   555 | D        | Reached skill level 12 in Polearms
   555 | D        | Your scales start taking on a glossy black colour.
   555 | D        | Reached XP level 7. HP: 48/71 MP: 7/7
   555 | D        | Gained mutation: You are resistant to electric shocks.
                  | (rElec) [Black Draconian growth]
   582 | D        | Reached skill level 10 in Fighting
   732 | D        | Received a gift from Trog
   742 | D        | Noticed a six-headed hydra
   742 | D        | Noticed a basilisk
   742 | D        | Noticed a demonic crawler
   750 | D        | Killed a demonic crawler
   751 | D        | Reached XP level 8. HP: 46/80 MP: 8/8
   753 | D        | HP: 3/120 [nine-headed hydra[a spriggan druid] (11)]
   753 | D        | Slain by a nine-headed hydra

Illustrated notes

Levels and vault maps discovered:
D:        pitsprint [storerooms_1, entrance_room_1, metal_vault_1, armoury_1,
          mini_pit_1, grid_room_1, main_hall_1, silver_pit, the_coven_1,
          the_vestibule_1, steel_vault_5, golden_pit, hallway_of_sentries,
          crystal_vault_2, iron_vault_4, final_vault]

Skill      XL: |  1  2  3  4  5  6  7 |
---------------+----------------------+-----
Dodging        | 4 5 6 8 |  8.8
Fighting       | 4 5 7 9 10 | 10.3
Polearms       | 4 6 8 9 12 | 12.8
Stealth        | 1 2 |  2.3

Action                   |  1- 3 |  4- 6 |  7- 9 || total
-------------------------+-------+-------+-------++-------
Melee: Trident           |    30 |    35 |     9 ||    74
       Spear             |     4 |       |       ||     4
       Tailslap          |     2 |     2 |     5 ||     9
       Glaive            |       |       |    10 ||    10
Invok: Berserk           |     2 |     1 |     1 ||     4
       Brothers in Arms  |       |     1 |       ||     1
  Use: Potion            |       |     1 |       ||     1
 Stab: Distracted        |       |       |     1 ||     1
Armor: Skin              |     3 |     5 |     6 ||    14
Dodge: Dodged            |    14 |    14 |    22 ||    50

Table legend: (Time is in decaauts)
 A = Elapsed time spent in this place.
 B = Non-inter-level travel time spent in this place.
 C = Inter-level travel time spent in this place.
 D = Time resting spent in this place.
 E = Time spent auto-exploring this place.
 F = Levels seen in this place.
 G = Mean time per level.
                   A        B        C        D        E       F      G
               +--------+--------+--------+--------+--------+-----+--------+
         Total |    774 |    774 |      0 |    537 |      7 |   1 |  774.0 |
       Dungeon |    774 |    774 |      0 |    537 |      7 |   1 |  774.0 |
               +--------+--------+--------+--------+--------+-----+--------+

Top non-repeatable levels by time:
       D: 774 daAuts
